 Dungeon Crawl Stone Soup version 0.30-a0-862-g1aabd4f9c5 (webtiles) character file.

Game seed: 10062614667910117589

78 cforsyth the Magician (level 4, -1/24 HPs)
             Began as a Deep Elf Earth Elementalist on Mar 9, 2023.
             Killed by divine providence
             ... invoked by an orc priest
              (9 damage)
             ... on level 3 of the Dungeon.
             The game lasted 00:02:15 (1812 turns).

cforsyth the Magician (Deep Elf Earth Elementalist) Turns: 1812, Time: 00:02:16

Health: -1/24      AC:  4    Str:  5    XL:     4   Next: 15%
Magic:  7/12       EV: 12    Int: 22    God:
Gold:   109        SH:  0    Dex: 15    Spells: 11/12 levels left

rFire   . . .      SeeInvis .    (no weapon)
rCold   . . .      Faith    .    (no shield)
rNeg    . . .      Spirit   .    a - +0 robe
rPois   .          Reflect  .    (no helmet)
rElec   .          Rampage  .    (no cloak)
rCorr   .                        d - +0 pair of gloves
Will    .....                    l - +0 pair of boots
Stlth   ++                       (no amulet)
HPRegen 0.24/turn                (no ring)
MPRegen 0.13/turn                (no ring)

@: no status effects
A: no striking features
a: no special abilities


You were on level 3 of the Dungeon.
You visited 1 branch of the dungeon, and saw 4 of its levels.

You collected 109 gold pieces.

Inventory:

Armour
 a - a +0 robe (worn)
 d - a +0 pair of gloves (worn)
 l - a +0 pair of boots (worn)
Wands
 p - a wand of paralysis (9)
Scrolls
 c - 3 scrolls of identify {unknown}
 f - a scroll of teleportation {unknown}
 m - 2 scrolls of blinking {unknown}
 o - a scroll of summoning {unknown}
Potions
 b - 3 potions of magic
 e - a potion of berserk rage {unknown}
 g - a potion of attraction {unknown}
 h - a potion of haste {unknown}
 i - 3 potions of degeneration {unknown}
 j - a potion of might {unknown}
 k - a potion of curing {unknown}
 n - a potion of lignification {unknown}


   Skills:
 - Level 2.4 Dodging
 - Level 2.4 Stealth
 + Level 4.7 Spellcasting
 - Level 1.1 Transmutations
 + Level 4.5 Earth Magic


You had 11 spell levels left.
You knew the following spells:

 Your Spells              Type           Power      Damage    Failure   Level
a - Sandblast             Erth           50%        2d12      1%          1

Your spell library contained the following spells:

 Spells                   Type           Power      Damage    Failure   Level
 Passwall                 Tmut/Erth      14%        N/A       4%          2
 Shock                    Conj/Air       20%        1d4       11%         1
 Stone Arrow              Conj/Erth      30%        3d8       12%         3
 Gell's Gravitas          Tloc           5%         N/A       30%         3
 Swiftness                Air            5%         N/A       30%         3
 Teleport Other           Tloc           5%         N/A       30%         3
 Petrify                  Tmut/Erth      17%        N/A       32%         4
 Airstrike                Air            2%         2d(1-17)  71%         4
 Dispersal                Tloc           2%         N/A       100%        6


Dungeon Overview and Level Annotations

Branches:
Dungeon (4/15)
 Temple: D:4-7

Altars:


Message History

Found a whip.
An endoplasm is nearby!
You can't see any susceptible monsters within range! (Use Z to cast anyway.)
You can't see any susceptible monsters within range! (Use Z to cast anyway.)
The blast of sand hits the endoplasm!
You kill the endoplasm!
You can't see any susceptible monsters within range! (Use Z to cast anyway.)
The blast of sand hits the bat!!
You kill the bat!
You can't see any susceptible monsters within range! (Use Z to cast anyway.) No target in view!
An orc is nearby!
An orc is nearby! 2 orcs come into view.
The orc shouts!
You hear a shout!
The orc shouts!
The blast of sand misses the orc.
The blast of sand hits the orc!
You kill the orc!
The blast of sand hits the orc.
The orc is severely wounded.
An orc priest comes into view. It is wielding a +0 flail.
The orc priest moves out of view.
The blast of sand misses the orc.
The blast of sand hits the orc!!
You kill the orc!
The blast of sand hits the orc but does no damage.
The orc is severely wounded.
The orc priest mumbles some strange prayers to Beogh against you.
Beogh smites you!
The blast of sand hits the orc!
You kill the orc!
The orc priest calls down the wrath of Beogh upon you.
Pain shoots through your body!
* * * LOW HITPOINT WARNING * * *
You are too injured to fight recklessly!
You are too injured to fight recklessly!
You see here a bat corpse.
The orc priest mumbles some strange prayers to Beogh against you.
Beogh smites you!
You die...

######## #......####
#####.........##
...........##..#####
................)..###
...#.#.#.#.#.#.#@#...#
................†..#.#
.....#.#.#...#.#o#.#
###+.......#.......#
....#.#.#...#)#......
######..........)..#####
...#####.#...##.o#..
.....................
##.#####.#.#.#.#.#.###


You could see an orc priest and an orc.

Vanquished Creatures
  2 adders
  4 orcs
  2 ball pythons (D:1)
  3 bats
  6 endoplasms
  A giant cockroach (D:2)
  6 goblins
  4 hobgoblins
  2 jackals (D:1)
  8 quokkas
  3 frilled lizards
  3 kobolds
  3 rats
47 creatures vanquished.

Notes
Turn   | Place    | Note
-------+----------+-------------------------------------------
     0 | D:1      | cforsyth the Deep Elf Earth Elementalist began the quest
                  | for the Orb.
     0 | D:1      | Reached XP level 1. HP: 10/10 MP: 6/6
   260 | D:1      | Reached XP level 2. HP: 15/15 MP: 2/8
   354 | D:1      | Found a faded altar of an unknown god.
   857 | D:1      | Reached XP level 3. HP: 19/19 MP: 8/10
  1478 | D:2      | You fall into a shaft and drop 2 floors!
  1707 | D:3      | Reached XP level 4. HP: 24/24 MP: 10/12
  1812 | D:3      | Killed from afar by an orc priest

Illustrated notes

Levels and vault maps discovered:
D:1:      minmay_arrival_solitary_statue, layout_loops_cross,
          hellmonk_ecumenical_altar_zigzags, minmay_misc_feat_x
D:2:      layout_basic, kennysheep_cross_bottleneck
D:3:      layout_basic, mainiacjoe_overflow_tiny_flanked,
          hangedman_decor_riveting, minmay_misc_feat_doors, uniq_sigmund
D:4:      layout_basic, lemuel_coloured_pillars_altar, lemuel_tele_altar,
          mainiacjoe_overflow_boulevard, temple_pool_b, serial_shops,
          nicolae_shop_crystal, nicolae_shop_overgrown_old_shop,
          nicolae_shop_behind_doors, kennysheep_little_box, minmay_distorted

Skill      XL: |  1  2 |
---------------+-------+-----
Earth Magic    | 4 |  4.5
Spellcasting   | 4 |  4.7
Dodging        | |  2.4
Stealth        | |  2.4
Transmutations | |  1.1

Action                     |  1- 3 |  4- 6 || total
---------------------------+-------+-------++-------
   Cast: Sandblast         |    54 |     8 ||    62
 Armour: Robe              |     3 |       ||     3
  Dodge: Dodged            |     3 |       ||     3

Table legend: (Time is in decaauts)
 A = Elapsed time spent in this place.
 B = Non-inter-level travel time spent in this place.
 C = Inter-level travel time spent in this place.
 D = Time resting spent in this place.
 E = Time spent auto-exploring this place.
 F = Levels seen in this place.
 G = Mean time per level.
                   A        B        C        D        E       F      G
               +--------+--------+--------+--------+--------+-----+--------+
         Total |   1842 |   1794 |     48 |     17 |   1503 |   4 |  460.5 |
       Dungeon |   1842 |   1794 |     48 |     17 |   1503 |   4 |  460.5 |
               +--------+--------+--------+--------+--------+-----+--------+

Top non-repeatable levels by time:
     D:1: 1031 daAuts
     D:2: 468 daAuts
     D:3: 291 daAuts
     D:4: 51 daAuts
